[Event "Live Chess"]
[Site "Chess.com"]
[Date "2011.01.18"]
[Round "-"]
[White "hipposcottimus"]
[Black "ddp1"]
[Result "0-1"]
[CurrentPosition "r4rk1/pbpn1pb1/1p2p1pp/8/7N/2P1B3/PP3PPP/R4RK1 w - -"]
[Timezone "UTC"]
[ECO "A06"]
[ECOUrl "https://www.chess.com/openings/Reti-Opening-Tennison-Gambit"]
[UTCDate "2011.01.18"]
[UTCTime "02:40:01"]
[WhiteElo "1360"]
[BlackElo "1395"]
[TimeControl "600"]
[Termination "ddp1 won on time"]
[StartTime "02:40:01"]
[EndDate "2011.01.18"]
[EndTime "02:45:43"]
[Link "https://www.chess.com/game/live/88694741"]

1. e4 d5 2. Nf3 dxe4 3. Ng5 Nh6 4. Nxe4 g6 5. d4 Bg7 6. Be3 Nf5 7. Be2 Nxd4 8. c3 Ndc6 9. O-O O-O 10. Qb3 b6 11. Bc4 e6 12. Nbd2 Bb7 13. Nf3 Na5 14. Qa4 Bxe4 15. Ng5 Nxc4 16. Qxc4 Bb7 17. Qh4 h6 18. Nf3 Qxh4 19. Nxh4 Nd7 0-1

[Event "Live Chess"]
[Site "Chess.com"]
[Date "2011.01.18"]
[Round "-"]
[White "Peter-Petrosian"]
[Black "hipposcottimus"]
[Result "1-0"]
[CurrentPosition "r2q1rk1/pn2Qppp/8/8/3p1B2/3P4/PPP2PPP/R3R1K1 b - -"]
[Timezone "UTC"]
[ECO "C67"]
[ECOUrl "https://www.chess.com/openings/Ruy-Lopez-Opening-Berlin-Rio-Gambit-Accepted"]
[UTCDate "2011.01.18"]
[UTCTime "00:03:07"]
[WhiteElo "1694"]
[BlackElo "1368"]
[TimeControl "600"]
[Termination "Peter-Petrosian won on time"]
[StartTime "00:03:07"]
[EndDate "2011.01.18"]
[EndTime "00:07:54"]
[Link "https://www.chess.com/game/live/88659272"]

1. e4 e5 2. Nf3 Nc6 3. Bb5 Nf6 4. O-O Nxe4 5. Bxc6 bxc6 6. Nxe5 d5 7. Nxc6 Qd6 8. Nd4 Be7 9. d3 Nf6 10. Re1 O-O 11. Qf3 c5 12. Nf5 Bxf5 13. Qxf5 d4 14. Bf4 Qd8 15. Nd2 Bd6 16. Ne4 Ne8 17. Nxd6 Nxd6 18. Qxc5 Nb7 19. Qe7 1-0

[Event "Live Chess"]
[Site "Chess.com"]
[Date "2011.01.17"]
[Round "-"]
[White "hipposcottimus"]
[Black "MicrowaveWalrus"]
[Result "1-0"]
[CurrentPosition "4r2k/p2n2Q1/2pq1P1p/1p6/8/8/PPP3PP/R4R1K b - -"]
[Timezone "UTC"]
[ECO "C41"]
[ECOUrl "https://www.chess.com/openings/Philidor-Defense-3.d4-Bg4-4.dxe5"]
[UTCDate "2011.01.17"]
[UTCTime "22:48:29"]
[WhiteElo "1370"]
[BlackElo "1250"]
[TimeControl "300"]
[Termination "hipposcottimus won by checkmate"]
[StartTime "22:48:29"]
[EndDate "2011.01.17"]
[EndTime "22:52:22"]
[Link "https://www.chess.com/game/live/88641778"]

1. e4 e5 2. Nf3 d6 3. d4 Bg4 4. dxe5 Bxf3 5. Qxf3 dxe5 6. Bc4 Nf6 7. Nc3 Be7 8. O-O O-O 9. Qe2 c6 10. f4 exf4 11. Bxf4 b5 12. Bd3 Qd4+ 13. Kh1 Bd6 14. Be3 Qe5 15. Bf4 Qe7 16. Bxd6 Qxd6 17. e5 Qc7 18. exf6 g6 19. Ne4 Re8 20. Qg4 h6 21. Ng3 Nd7 22. Nf5 Kh7 23. Nh4 Qd6 24. Nxg6 fxg6 25. Bxg6+ Kh8 26. Bxe8 Rxe8 27. Qg7# 1-0

[Event "Live Chess"]
[Site "Chess.com"]
[Date "2011.01.17"]
[Round "-"]
[White "MicrowaveWalrus"]
[Black "hipposcottimus"]
[Result "1-0"]
[CurrentPosition "r1b2r1k/pp4pp/5n2/1N3p2/2B1pR2/N7/PPP1Q1PP/R5K1 b - -"]
[Timezone "UTC"]
[ECO "A02"]
[ECOUrl "https://www.chess.com/openings/Birds-Opening-Double-Duck-Formation"]
[UTCDate "2011.01.17"]
[UTCTime "22:46:08"]
[WhiteElo "1256"]
[BlackElo "1364"]
[TimeControl "300"]
[Termination "MicrowaveWalrus won by resignation"]
[StartTime "22:46:08"]
[EndDate "2011.01.17"]
[EndTime "22:48:17"]
[Link "https://www.chess.com/game/live/88641029"]

1. d4 d5 2. f4 f5 3. e3 c5 4. dxc5 e6 5. Bd3 Bxc5 6. Nf3 Nf6 7. O-O O-O 8. Bd2 Nc6 9. Qe2 Bd6 10. Bc3 d4 11. exd4 Bxf4 12. Na3 Nxd4 13. Bxd4 Qxd4+ 14. Nxd4 e5 15. Ndb5 e4 16. Bc4+ Kh8 17. Rxf4 1-0

[Event "Live Chess"]
[Site "Chess.com"]
[Date "2011.01.17"]
[Round "-"]
[White "hipposcottimus"]
[Black "yerlan"]
[Result "0-1"]
[CurrentPosition "2r3k1/4Rp1p/6p1/2P5/8/3n4/5PPP/5K2 w - -"]
[Timezone "UTC"]
[ECO "C62"]
[ECOUrl "https://www.chess.com/openings/Ruy-Lopez-Opening-Old-Steinitz-Defense-4.d4-exd4-5.Qxd4"]
[UTCDate "2011.01.17"]
[UTCTime "06:47:15"]
[WhiteElo "1374"]
[BlackElo "1365"]
[TimeControl "600"]
[Termination "yerlan won - game abandoned"]
[StartTime "06:47:15"]
[EndDate "2011.01.17"]
[EndTime "06:59:48"]
[Link "https://www.chess.com/game/live/88406579"]

1. e4 e5 2. Nf3 d6 3. d4 exd4 4. Qxd4 Nc6 5. Bb5 Bd7 6. Bxc6 Bxc6 7. c4 Qf6 8. e5 dxe5 9. Nxe5 Rd8 10. Qe3 Bb4+ 11. Bd2 Bxd2+ 12. Nxd2 Ne7 13. O-O O-O 14. Qg3 Rxd2 15. Rae1 Nf5 16. Qf4 Rxb2 17. Ng4 Qg6 18. Ne5 Qf6 19. Nd3 Rxa2 20. Qxc7 Qg6 21. Nf4 Qd6 22. Re7 Qxc7 23. Rxc7 Re8 24. Nd5 Rae2 25. Nb4 Nd4 26. Nxc6 Nxc6 27. Rxb7 Re1 28. Rc7 Rxf1+ 29. Kxf1 Ne5 30. c5 g6 31. Rxa7 Rc8 32. Re7 Nd3 0-1

[Event "Live Chess"]
[Site "Chess.com"]
[Date "2011.01.17"]
[Round "-"]
[White "hipposcottimus"]
[Black "hoodmofo"]
[Result "1-0"]
[CurrentPosition "8/p2RQ3/4k1p1/1p3p1p/4r3/1P6/2r4P/6K1 b - -"]
[Timezone "UTC"]
[ECO "B20"]
[ECOUrl "https://www.chess.com/openings/Sicilian-Defense"]
[UTCDate "2011.01.17"]
[UTCTime "06:33:20"]
[WhiteElo "1383"]
[BlackElo "1211"]
[TimeControl "420+5"]
[Termination "hipposcottimus won by checkmate"]
[StartTime "06:33:20"]
[EndDate "2011.01.17"]
[EndTime "06:41:20"]
[Link "https://www.chess.com/game/live/88404650"]

1. e4 c5 2. Bb5 Nf6 3. e5 Nd5 4. c4 Nb6 5. Nf3 e6 6. d4 cxd4 7. Nxd4 Be7 8. f4 O-O 9. O-O d5 10. Nd2 Bc5 11. Nf3 Nxc4 12. Kh1 Bd7 13. Bxc4 dxc4 14. Be3 Nc6 15. Nc2 Bxe3 16. Nxe3 b5 17. b3 cxb3 18. axb3 Bc8 19. Qc2 Bb7 20. Ng5 g6 21. Qf2 Nd4 22. Qh4 h5 23. f5 Nxf5 24. Nxf5 exf5 25. Rad1 Qe7 26. Rde1 Rac8 27. e6 Rc2 28. exf7+ Rxf7 29. Rxe7 Rxe7 30. Rd1 Bxg2+ 31. Kg1 Be4 32. Kf1 Bg2+ 33. Kg1 Be4 34. Nxe4 Rxe4 35. Rd8+ Kf7 36. Rd7+ Ke6 37. Qe7# 1-0

[Event "Live Chess"]
[Site "Chess.com"]
[Date "2011.01.17"]
[Round "-"]
[White "EastGotHops"]
[Black "hipposcottimus"]
[Result "0-1"]
[CurrentPosition "6k1/8/6p1/4P1P1/1qp5/7R/p1K5/8 w - -"]
[Timezone "UTC"]
[ECO "A03"]
[ECOUrl "https://www.chess.com/openings/Birds-Opening-Dutch-Variation-2.Nf3"]
[UTCDate "2011.01.17"]
[UTCTime "01:11:44"]
[WhiteElo "1144"]
[BlackElo "1379"]
[TimeControl "600"]
[Termination "hipposcottimus won by resignation"]
[StartTime "01:11:44"]
[EndDate "2011.01.17"]
[EndTime "01:25:47"]
[Link "https://www.chess.com/game/live/88337991"]

1. f4 d5 2. Nf3 Nc6 3. e3 Bg4 4. h3 Bxf3 5. Qxf3 e5 6. Bb5 e4 7. Bxc6+ bxc6 8. Qf2 Nf6 9. O-O Bd6 10. g3 O-O 11. g4 c5 12. Qg2 d4 13. g5 dxe3 14. dxe3 Nd5 15. Qxe4 Ne7 16. Nd2 f6 17. h4 fxg5 18. hxg5 Re8 19. Qf3 Rf8 20. Rf2 c4 21. Nxc4 Bc5 22. Rh2 Nd5 23. Qe4 g6 24. Qe6+ Rf7 25. Rxh7 Kxh7 26. Qxf7+ Kh8 27. Qe6 Nxf4 28. Qe5+ Kh7 29. Qxf4 Qd1+ 30. Kg2 Qxc2+ 31. Kf3 Rf8 32. Qxf8 Bxf8 33. Ne5 Qf5+ 34. Ke2 Qxe5 35. Bd2 Qxb2 36. Rh1+ Kg8 37. Kd3 Qxa2 38. Rc1 c5 39. Rc2 Qb3+ 40. Bc3 Bg7 41. Kd2 Bxc3+ 42. Rxc3 Qb2+ 43. Rc2 Qb4+ 44. Rc3 c4 45. Kc2 a5 46. e4 a4 47. e5 a3 48. Rh3 a2 0-1

[Event "Live Chess"]
[Site "Chess.com"]
[Date "2011.01.17"]
[Round "-"]
[White "hipposcottimus"]
[Black "EastGotHops"]
[Result "0-1"]
[CurrentPosition "8/5k2/4p3/8/3P3P/5q2/4r2K/8 w - -"]
[Timezone "UTC"]
[ECO "B01"]
[ECOUrl "https://www.chess.com/openings/Scandinavian-Defense-Mieses-Kotrc-Main-Line-4.d4-c6"]
[UTCDate "2011.01.17"]
[UTCTime "00:53:41"]
[WhiteElo "1379"]
[BlackElo "1144"]
[TimeControl "600"]
[Termination "EastGotHops won on time"]
[StartTime "00:53:41"]
[EndDate "2011.01.17"]
[EndTime "01:11:11"]
[Link "https://www.chess.com/game/live/88333929"]

1. e4 d5 2. exd5 Qxd5 3. Nc3 Qa5 4. d4 c6 5. Bd2 Qc7 6. Nf3 Nf6 7. Ne5 Qd6 8. Be3 Bf5 9. Bc4 e6 10. Bd3 Bxd3 11. Qxd3 Nbd7 12. Ne4 Nxe4 13. Nxd7 Qxd7 14. Qxe4 Bd6 15. O-O Bc7 16. f4 O-O-O 17. c4 f5 18. Qd3 g5 19. fxg5 Rhg8 20. b4 b5 21. cxb5 Qd5 22. bxc6 Qxc6 23. b5 Qd5 24. a4 h6 25. Rac1 hxg5 26. a5 Kd7 27. b6 axb6 28. Rxc7+ Kxc7 29. axb6+ Kxb6 30. Rb1+ Kc7 31. Qa6 Kd7 32. Rb7+ Ke8 33. Qa7 Rd7 34. Rb8+ Kf7 35. Qb6 Rxb8 36. Qxb8 Rb7 37. Qh8 Rb1+ 38. Kf2 Rb2+ 39. Ke1 Rb1+ 40. Kf2 Rb2+ 41. Ke1 Qa5+ 42. Kd1 Qa4+ 43. Ke1 Qb4+ 44. Kf1 Qc4+ 45. Kg1 Rb1+ 46. Kf2 Qf1+ 47. Kg3 f4+ 48. Kg4 Qxg2+ 49. Kh5 Qh3+ 50. Kxg5 Qxh8 51. Kxf4 Qf6+ 52. Kg3 Rb3 53. h4 Rxe3+ 54. Kg2 Qf3+ 55. Kg1 Re1+ 56. Kh2 Re2+ 0-1

[Event "Live Chess"]
[Site "Chess.com"]
[Date "2011.01.17"]
[Round "-"]
[White "hipposcottimus"]
[Black "lcheney"]
[Result "1-0"]
[CurrentPosition "8/8/1R6/k1Q5/5P2/1pN5/P1P4P/1K3R2 b - -"]
[Timezone "UTC"]
[ECO "C40"]
[ECOUrl "https://www.chess.com/openings/Kings-Pawn-Opening-Kings-Knight-Variation"]
[UTCDate "2011.01.17"]
[UTCTime "00:43:00"]
[WhiteElo "1379"]
[BlackElo "1021"]
[TimeControl "360"]
[Termination "hipposcottimus won by checkmate"]
[StartTime "00:43:00"]
[EndDate "2011.01.17"]
[EndTime "00:52:34"]
[Link "https://www.chess.com/game/live/88331785"]

1. e4 e5 2. Nf3 g5 3. Nxe5 Qe7 4. d4 d6 5. Nd3 Qxe4+ 6. Be3 Bg4 7. Be2 Bxe2 8. Qxe2 Qxg2 9. Bxg5+ Ne7 10. Rf1 Qxg5 11. Nd2 d5 12. O-O-O Nc6 13. f4 Qf5 14. Nf3 O-O-O 15. Nde5 a5 16. Nh4 Qf6 17. Qg4+ Rd7 18. Nxd7 Nxd4 19. Nxf6+ Nef5 20. Nxf5 Nxf5 21. Qxf5+ Kb8 22. Nxd5 c6 23. Qe5+ Ka7 24. Qxh8 Bc5 25. Nc3 Kb6 26. Qxh7 f5 27. Qxf5 Be3+ 28. Kb1 c5 29. Qe6+ Kc7 30. Qxe3 c4 31. Qc5+ Kb8 32. Qxc4 Ka7 33. Qc5+ b6 34. Nb5+ Ka6 35. Rd6 a4 36. Rxb6+ Ka5 37. b4+ axb3 38. Nc3# 1-0

[Event "Live Chess"]
[Site "Chess.com"]
[Date "2011.01.16"]
[Round "-"]
[White "ryan_roswell"]
[Black "hipposcottimus"]
[Result "1-0"]
[CurrentPosition "r4k2/ppp1b2p/3pBp2/8/4P3/2N2P2/PPP2P1P/R3K2R b KQ -"]
[Timezone "UTC"]
[ECO "C22"]
[ECOUrl "https://www.chess.com/openings/Center-Game-Accepted-Hall-Variation"]
[UTCDate "2011.01.16"]
[UTCTime "22:28:44"]
[WhiteElo "1277"]
[BlackElo "1377"]
[TimeControl "600"]
[Termination "ryan_roswell won - game abandoned"]
[StartTime "22:28:44"]
[EndDate "2011.01.16"]
[EndTime "22:35:12"]
[Link "https://www.chess.com/game/live/88300015"]

1. e4 e5 2. d4 exd4 3. Qxd4 Nc6 4. Qc4 Ne5 5. Qd4 d6 6. Bf4 Nc6 7. Qd2 Be7 8. Nf3 f6 9. Bc4 Ne5 10. Bb3 Nxf3+ 11. gxf3 Bd7 12. Qd5 Nh6 13. Bxh6 Rf8 14. Bxg7 Be6 15. Qxe6 Qd7 16. Bxf8 Qxe6 17. Bxe6 Kxf8 18. Nc3 1-0

[Event "Live Chess"]
[Site "Chess.com"]
[Date "2011.01.16"]
[Round "-"]
[White "wayunderpar"]
[Black "hipposcottimus"]
[Result "0-1"]
[CurrentPosition "r5k1/1p1n2pp/2n5/7N/p3P3/2P5/PBP3PP/5q1K w - -"]
[Timezone "UTC"]
[ECO "A00"]
[ECOUrl "https://www.chess.com/openings/Vant-Kruijs-Opening-1...e5"]
[UTCDate "2011.01.16"]
[UTCTime "22:14:29"]
[WhiteElo "1060"]
[BlackElo "1387"]
[TimeControl "600"]
[Termination "hipposcottimus won by checkmate"]
[StartTime "22:14:29"]
[EndDate "2011.01.16"]
[EndTime "22:25:04"]
[Link "https://www.chess.com/game/live/88297137"]

1. e3 e5 2. Nf3 e4 3. Nd4 c5 4. Nb3 d5 5. d4 a5 6. dxc5 a4 7. N3d2 Bxc5 8. Bb5+ Bd7 9. Bxd7+ Qxd7 10. Nf1 f5 11. Nc3 Nf6 12. Ng3 O-O 13. O-O Nc6 14. f3 d4 15. fxe4 dxc3 16. Qxd7 Nxd7 17. bxc3 f4 18. Nh5 fxe3 19. Bb2 e2+ 20. Rf2 Bxf2+ 21. Kh1 Be1 22. Rxe1 Rf1+ 23. Rxf1 exf1=Q# 0-1

[Event "Live Chess"]
[Site "Chess.com"]
[Date "2011.01.16"]
[Round "-"]
[White "Rook77"]
[Black "hipposcottimus"]
[Result "0-1"]
[CurrentPosition "r1b2rk1/ppp2ppp/3b4/6N1/2BQ4/P3B3/1PP2PPq/R4RK1 w - -"]
[Timezone "UTC"]
[ECO "C47"]
[ECOUrl "https://www.chess.com/openings/Four-Knights-Game-Gunsberg-Variation-4...d5"]
[UTCDate "2011.01.16"]
[UTCTime "22:10:24"]
[WhiteElo "1213"]
[BlackElo "1385"]
[TimeControl "600"]
[Termination "hipposcottimus won by checkmate"]
[StartTime "22:10:24"]
[EndDate "2011.01.16"]
[EndTime "22:13:48"]
[Link "https://www.chess.com/game/live/88296103"]

1. e4 e5 2. Nf3 Nc6 3. Nc3 Nf6 4. a3 d5 5. exd5 e4 6. Ng5 Nxd5 7. Nxd5 Qxd5 8. d3 e3 9. Bxe3 Qe5 10. d4 Nxd4 11. Qxd4 Bd6 12. Bc4 O-O 13. O-O Qxh2# 0-1

[Event "Live Chess"]
[Site "Chess.com"]
[Date "2011.01.16"]
[Round "-"]
[White "hipposcottimus"]
[Black "JusGeode"]
[Result "1-0"]
[CurrentPosition "8/2p3p1/2Q5/p2P4/3kR3/2N5/PPP3PP/6K1 b - -"]
[Timezone "UTC"]
[ECO "A06"]
[ECOUrl "https://www.chess.com/openings/Reti-Opening-Tennison-Gambit"]
[UTCDate "2011.01.16"]
[UTCTime "22:03:44"]
[WhiteElo "1616"]
[BlackElo "1803"]
[TimeControl "60"]
[Termination "hipposcottimus won by checkmate"]
[StartTime "22:03:44"]
[EndDate "2011.01.16"]
[EndTime "22:05:25"]
[Link "https://www.chess.com/game/live/88294458"]

1. e4 d5 2. Nf3 dxe4 3. Ng5 e3 4. fxe3 f6 5. Nf3 e5 6. Be2 Nh6 7. d3 Nf5 8. Nc3 Nd6 9. O-O Be7 10. e4 O-O 11. d4 Be6 12. d5 Bf7 13. Nd2 Qd7 14. Rf3 Bg6 15. Nf1 Qg4 16. Rg3 Qg5 17. Rxg5 fxg5 18. Bh5 Nc6 19. Bxg6 hxg6 20. Ng3 Nd4 21. Be3 Rf4 22. Bxd4 Rxe4 23. Ncxe4 Nxe4 24. Bxe5 Bf6 25. Bxf6 Nxf6 26. Ne2 Re8 27. Nc3 Ng4 28. Qxg4 Kf7 29. Qd7+ Re7 30. Qg4 Kf6 31. Rf1+ Ke5 32. Qxg5+ Kd6 33. Qxg6+ Kc5 34. Qd3 b5 35. Qxb5+ Kd6 36. Qc6+ Ke5 37. Re1+ Kd4 38. Rxe7 a5 39. Re4# 1-0

[Event "Live Chess"]
[Site "Chess.com"]
[Date "2011.01.16"]
[Round "-"]
[White "ahmed122"]
[Black "hipposcottimus"]
[Result "0-1"]
[CurrentPosition "2r3k1/pp3ppp/5n2/2bp4/Q7/1BNP1b1P/PPP2q2/R1B4K w - -"]
[Timezone "UTC"]
[ECO "C60"]
[ECOUrl "https://www.chess.com/openings/Ruy-Lopez-Opening"]
[UTCDate "2011.01.16"]
[UTCTime "21:31:07"]
[WhiteElo "1375"]
[BlackElo "1381"]
[TimeControl "600"]
[Termination "hipposcottimus won by checkmate"]
[StartTime "21:31:07"]
[EndDate "2011.01.16"]
[EndTime "21:40:00"]
[Link "https://www.chess.com/game/live/88285229"]

1. e4 e5 2. Nf3 Nc6 3. Bb5 Nce7 4. Nxe5 c6 5. Bc4 d5 6. exd5 cxd5 7. Bb3 Nf6 8. Nf3 Nc6 9. Qe2+ Be7 10. O-O Bg4 11. d3 O-O 12. h3 Nd4 13. Qe3 Nxf3+ 14. gxf3 Bh5 15. Re1 Re8 16. Qd4 Rc8 17. Nc3 Bc5 18. Rxe8+ Qxe8 19. Qa4 Qe1+ 20. Kg2 Qxf2+ 21. Kh1 Bxf3# 0-1

[Event "Live Chess"]
[Site "Chess.com"]
[Date "2011.01.16"]
[Round "-"]
[White "Doctor_Hapi"]
[Black "hipposcottimus"]
[Result "0-1"]
[CurrentPosition "6k1/6p1/8/6Q1/3P4/2P3P1/2r2q2/1rB1R1K1 w - -"]
[Timezone "UTC"]
[ECO "C23"]
[ECOUrl "https://www.chess.com/openings/Bishops-Opening-2...Nc6"]
[UTCDate "2011.01.16"]
[UTCTime "21:20:22"]
[WhiteElo "1257"]
[BlackElo "1373"]
[TimeControl "600"]
[Termination "hipposcottimus won by resignation"]
[StartTime "21:20:22"]
[EndDate "2011.01.16"]
[EndTime "21:28:49"]
[Link "https://www.chess.com/game/live/88282637"]

1. e4 e5 2. Bc4 Nc6 3. Bd5 Nb4 4. Bc4 d5 5. exd5 Nxd5 6. Nf3 e4 7. Nd4 c5 8. Bb5+ Bd7 9. Bxd7+ Qxd7 10. Nb3 c4 11. Na5 Nb6 12. Nc3 Bb4 13. Nxe4 Bxa5 14. c3 Qe6 15. Qf3 f5 16. Qe2 fxe4 17. b4 cxb3 18. axb3 Nd7 19. Rxa5 Ngf6 20. O-O O-O 21. Re1 Qxb3 22. Ra3 Qe6 23. d4 Qd6 24. Qc4+ Kh8 25. Qb5 Ng4 26. g3 Rxf2 27. Qxb7 Rb8 28. Qxe4 Rxh2 29. Qxg4 h5 30. Qf3 Rc2 31. Qxh5+ Kg8 32. Rxa7 Rb1 33. Ra8+ Nf8 34. Rxf8+ Qxf8 35. Qg5 Qf2+ 0-1

[Event "Live Chess"]
[Site "Chess.com"]
[Date "2011.01.16"]
[Round "-"]
[White "NileshShikhare"]
[Black "hipposcottimus"]
[Result "1-0"]
[CurrentPosition "3q1r1k/6pp/4N3/pp2np2/8/3nP1P1/PP1P1PBP/R1B2RK1 b - -"]
[Timezone "UTC"]
[ECO "A10"]
[ECOUrl "https://www.chess.com/openings/English-Opening-Anglo-Scandinavian-Defense-2.cxd5"]
[UTCDate "2011.01.16"]
[UTCTime "06:13:05"]
[WhiteElo "1362"]
[BlackElo "1367"]
[TimeControl "600"]
[Termination "NileshShikhare won - game abandoned"]
[StartTime "06:13:05"]
[EndDate "2011.01.16"]
[EndTime "06:18:19"]
[Link "https://www.chess.com/game/live/88069096"]

1. c4 d5 2. cxd5 c6 3. dxc6 Nxc6 4. Nc3 e5 5. Nf3 f5 6. Nxe5 Nxe5 7. g3 Nf6 8. Bg2 Bb4 9. Qa4+ Nfd7 10. Qxb4 a5 11. Qb5 O-O 12. O-O b6 13. Bxa8 Nc5 14. e3 Ba6 15. Qxa6 Nxa6 16. Bd5+ Kh8 17. Bg2 Nc5 18. Nd5 b5 19. Nf4 Ncd3 20. Ne6 1-0

[Event "Live Chess"]
[Site "Chess.com"]
[Date "2011.01.15"]
[Round "-"]
[White "hipposcottimus"]
[Black "munkh221"]
[Result "1-0"]
[CurrentPosition "r1bk3r/pppnnB2/4N2p/4P1p1/8/4B3/PqP2KPP/RN1QR3 b - -"]
[Timezone "UTC"]
[ECO "C40"]
[ECOUrl "https://www.chess.com/openings/Kings-Pawn-Opening-Kings-Knight-Busch-Gass-Gambit"]
[UTCDate "2011.01.15"]
[UTCTime "05:46:22"]
[WhiteElo "1375"]
[BlackElo "1416"]
[TimeControl "300"]
[Termination "hipposcottimus won by checkmate"]
[StartTime "05:46:22"]
[EndDate "2011.01.15"]
[EndTime "05:49:58"]
[Link "https://www.chess.com/game/live/87729541"]

1. e4 e5 2. Nf3 Bc5 3. Bc4 h6 4. Nxe5 Bxf2+ 5. Kxf2 Qf6+ 6. Nf3 d6 7. d4 g5 8. e5 dxe5 9. dxe5 Qf5 10. Bd3 Qe6 11. Re1 Nd7 12. Nd4 Qb6 13. Bc4 Ne7 14. Bxf7+ Kd8 15. Be3 Qxb2 16. Ne6# 1-0

[Event "Live Chess"]
[Site "Chess.com"]
[Date "2011.01.15"]
[Round "-"]
[White "hipposcottimus"]
[Black "jaybird76"]
[Result "1-0"]
[CurrentPosition "2R3k1/5pp1/pB1r3p/1p6/4B3/4P3/1P4PP/6K1 b - -"]
[Timezone "UTC"]
[ECO "C55"]
[ECOUrl "https://www.chess.com/openings/Italian-Game-Anti-Fried-Liver-Defense"]
[UTCDate "2011.01.15"]
[UTCTime "05:35:47"]
[WhiteElo "1366"]
[BlackElo "1294"]
[TimeControl "300+2"]
[Termination "hipposcottimus won by resignation"]
[StartTime "05:35:47"]
[EndDate "2011.01.15"]
[EndTime "05:44:44"]
[Link "https://www.chess.com/game/live/87727316"]

1. e4 e5 2. Nf3 Nc6 3. Bc4 h6 4. d4 Qe7 5. d5 Nb4 6. a3 Nf6 7. axb4 Qxb4+ 8. Nfd2 Nxe4 9. Na3 Bc5 10. O-O Nxd2 11. Qxd2 Qxd2 12. Bxd2 O-O 13. Nb5 Bb6 14. Be3 c5 15. dxc6 dxc6 16. Bxb6 cxb5 17. Bxb5 a6 18. Bc7 Bf5 19. Ba4 b5 20. Bb3 Rfc8 21. Bd5 Ra7 22. Bb6 Rd7 23. Rfd1 Bxc2 24. Rd2 e4 25. Rc1 e3 26. fxe3 Re7 27. Rdxc2 Rxc2 28. Rxc2 Rd7 29. Be4 Rd6 30. Rc8+ 1-0

[Event "Live Chess"]
[Site "Chess.com"]
[Date "2011.01.15"]
[Round "-"]
[White "hipposcottimus"]
[Black "1Phatkid"]
[Result "1-0"]
[CurrentPosition "8/4bp2/3p2k1/1R1P4/3B2p1/8/P2NK1PP/1R6 b - -"]
[Timezone "UTC"]
[ECO "B07"]
[ECOUrl "https://www.chess.com/openings/Pirc-Defense-2.d4-c6-3.c4"]
[UTCDate "2011.01.15"]
[UTCTime "05:23:47"]
[WhiteElo "1366"]
[BlackElo "1085"]
[TimeControl "480"]
[Termination "hipposcottimus won by resignation"]
[StartTime "05:23:47"]
[EndDate "2011.01.15"]
[EndTime "05:32:54"]
[Link "https://www.chess.com/game/live/87724886"]

1. e4 d6 2. d4 c6 3. c4 b6 4. b4 a5 5. b5 Ra7 6. f4 Rd7 7. Nf3 d5 8. bxc6 Nxc6 9. cxd5 Nb4 10. Bb5 Qc7 11. Bxd7+ Bxd7 12. Na3 Nc2+ 13. Nxc2 Ba4 14. d6 Qc3+ 15. Bd2 Qd3 16. Rc1 Qxe4+ 17. Qe2 Qxe2+ 18. Kxe2 Bxc2 19. Rxc2 exd6 20. Re1 Ne7 21. Kf1 Kd7 22. Rb2 Nd5 23. Rb5 Kc6 24. Reb1 Be7 25. Be1 Ne3+ 26. Ke2 Nc2 27. Rxb6+ Kd5 28. R6b5+ Ke6 29. f5+ Kf6 30. Bxa5 g5 31. fxg6 hxg6 32. d5 g5 33. Bc3+ Kg6 34. Bxh8 g4 35. Nd2 Nd4+ 36. Bxd4 1-0

[Event "Live Chess"]
[Site "Chess.com"]
[Date "2011.01.15"]
[Round "-"]
[White "hipposcottimus"]
[Black "chubdeez"]
[Result "1-0"]
[CurrentPosition "k1R3nr/p1pp3p/p4Bp1/3P4/1Q6/P4N2/5PPP/qN4K1 b - -"]
[Timezone "UTC"]
[ECO "C00"]
[ECOUrl "https://www.chess.com/openings/French-Defense-Steiner-Variation"]
[UTCDate "2011.01.15"]
[UTCTime "02:18:09"]
[WhiteElo "1363"]
[BlackElo "1084"]
[TimeControl "600"]
[Termination "hipposcottimus won by checkmate"]
[StartTime "02:18:09"]
[EndDate "2011.01.15"]
[EndTime "02:24:57"]
[Link "https://www.chess.com/game/live/87686626"]

1. e4 e6 2. c4 Nc6 3. d4 g6 4. d5 exd5 5. cxd5 Nb4 6. a3 Na6 7. Bxa6 bxa6 8. Nf3 f6 9. O-O Bb7 10. e5 Qe7 11. Re1 O-O-O 12. exf6 Qxf6 13. Bg5 Qxb2 14. Bxd8 Qxa1 15. Re8 Kb8 16. Bf6+ Bc8 17. Qb3+ Bb4 18. Qxb4+ Ka8 19. Rxc8# 1-0

[Event "Live Chess"]
[Site "Chess.com"]
[Date "2011.01.15"]
[Round "-"]
[White "hipposcottimus"]
[Black "deso75"]
[Result "1-0"]
[CurrentPosition "8/kpp3P1/p6R/5K2/8/2P5/PP6/8 b - -"]
[Timezone "UTC"]
[ECO "C41"]
[ECOUrl "https://www.chess.com/openings/Philidor-Defense-3.d4-Bg4"]
[UTCDate "2011.01.15"]
[UTCTime "02:02:59"]
[WhiteElo "1360"]
[BlackElo "1329"]
[TimeControl "480"]
[Termination "hipposcottimus won by resignation"]
[StartTime "02:02:59"]
[EndDate "2011.01.15"]
[EndTime "02:12:48"]
[Link "https://www.chess.com/game/live/87683199"]

1. e4 e5 2. Nf3 d6 3. d4 Bg4 4. Bc4 h6 5. dxe5 Nc6 6. exd6 Bxd6 7. Nc3 a6 8. Qd3 Bxf3 9. Qxf3 Nf6 10. Nd5 Nd4 11. Nxf6+ Qxf6 12. Qxf6 gxf6 13. Bd3 O-O-O 14. Be3 Bc5 15. O-O-O Rhg8 16. g3 Kb8 17. Bc4 Rgf8 18. c3 Ne6 19. Rxd8+ Rxd8 20. Bxe6 Bxe3+ 21. fxe3 fxe6 22. Rf1 Rd3 23. Rxf6 e5 24. Rxh6 Rxe3 25. g4 Rxe4 26. g5 Rg4 27. h4 e4 28. g6 e3 29. h5 e2 30. Kd2 Re4 31. Ke1 Rg4 32. Rh7 Ka7 33. g7 Rg2 34. h6 Rg1+ 35. Kxe2 Rg2+ 36. Kf3 Rg6 37. Rh8 Rf6+ 38. Ke4 Re6+ 39. Kf5 Rxh6 40. Rxh6 1-0